 Dungeon Crawl Stone Soup version 0.28.0-1-gb440e238dd (webtiles) character file.

Game seed: 1467371660048756563

459 Kaptain the Digger (level 7, 0/67 HPs)
             Began as an Octopode Earth Elementalist on Feb 22, 2022.
             Succumbed to a scorpion's poison
             ... in an ossuary.
             The game lasted 00:09:51 (3771 turns).

Kaptain the Digger (Octopode Earth Elementalist)    Turns: 3771, Time: 00:09:51

Health: 0/67       AC:  1    Str:  7    XL:     7   Next: 6%
Magic:  3/12       EV: 17    Int: 20    God:
Gold:   189        SH:  0    Dex: 12    Spells: 9/13 levels left

rFire   . . .      SeeInvis .   h - +2 dagger (venom)
rCold   . . .      Faith    .   (no shield)
rNeg    . . .      Spirit   .   (helmet restricted)
rPois   .          Reflect  .   c - amulet of magic regeneration
rElec   .          Harm     .   o - +4 ring of evasion
rCorr   .          Rampage  .   (no ring)
Will    .....                   (no ring)
Stlth   ..........              (no ring)
HPRegen 0.21/turn               (no ring)
MPRegen 0.53/turn               (no ring)
                                (no ring)
                                (no ring)

@: berserking, lethally poisoned (0 -> -14), very slightly contaminated, very
quick
A: almost no armour, amphibious, 8 rings, camouflage 1, gelatinous body 1,
(nimble swimmer 1), tentacles
a: no special abilities


You were in an ossuary.
You visited 1 branch of the dungeon, and saw 4 of its levels.
You also visited: Ossuary.

You collected 189 gold pieces.

Inventory:

Hand Weapons
 h - a +2 dagger of venom (weapon)
 j - a +0 short sword
Missiles
 b - 75 stones
 i - 5 javelins
Armour
 q - a +0 buckler
Jewellery
 c - an amulet of magic regeneration (around mantle)
 o - a +4 ring of evasion (left tentacle)
Scrolls
 e - 2 scrolls of teleportation
Potions
 a - a potion of ambrosia {unknown}
 d - a potion of heal wounds {unknown}
 f - a potion of lignification {unknown}
 g - a potion of flight {unknown}
 k - a potion of degeneration {unknown}
 l - a potion of berserk rage
 m - a potion of curing {unknown}
 n - a potion of resistance {unknown}


   Skills:
 * Level 2.9 Fighting
 + Level 3.0 Dodging
 - Level 2.9 Stealth
 + Level 1.4 Shields
 * Level 3.6 Spellcasting
 * Level 2.5 Conjurations
 - Level 1.0 Transmutations
 * Level 4.4 Earth Magic


You had 9 spell levels left.
You knew the following spells:

 Your Spells              Type           Power      Damage    Failure   Level
a - Sandblast             Erth           42%        2d11      2%          1
b - Stone Arrow           Conj/Erth      34%        3d9       10%         3

Your spell library contained the following spells:

 Spells                   Type           Power      Damage    Failure   Level
 Passwall                 Tmut/Erth      11%        N/A       7%          2
 Sublimation of Blood     Necr           3%         N/A       21%         2
 Confusing Touch          Hex            3%         N/A       38%         3
 Ozocubu's Armour         Ice            3%         N/A       38%         3
 Petrify                  Tmut/Erth      14%        N/A       41%         4
 Cause Fear               Hex            1%         N/A       80%         4
 Irradiate                Conj/Tmut      5%         3d15      87%         5
 Yara's Violent Unravell  Hex/Tmut       2%         3d3       97%         5
 Metabolic Englaciation   Hex/Ice        1%         N/A       98%         5
 Simulacrum               Ice/Necr       1%         N/A       100%        6
 Dragon Form              Tmut           3%         N/A       100%        7
 Enfeeble                 Hex            1%         N/A       100%        7
 Dragon's Call            Summ           1%         N/A       100%        9


Dungeon Overview and Level Annotations

Branches:
Dungeon (4/15)            Ossuary (1/1)
 Temple: D:4-7

Altars:
Elyvilon
Vehumet

Shops:
D:1 !

Portals:
Abyss: D:3

Annotations:
D:2 1 runed translucent door, Crazy Yiuf
D:3 1 transporter, Akaron's ghost, amateur OgIE


Innate Abilities, Weirdness & Mutations

You cannot wear most types of armour.
You are amphibious.
You can wear up to eight rings at the same time.
Your skin changes colour to match your surroundings (Stealth+).
Your rubbery body absorbs attacks. (AC +1, EV +1)
((You are camouflaged when in or above water. (Stealth+)))
You have tentacles for arms and can constrict up to eight enemies at once.


Message History

The scorpion is severely wounded.
You feel very sick. The scorpion stings you.
You are more poisoned.
The scorpion poisons you!
Casting: Stone Arrow (dangerous; 11% risk of failure)
Confirm with . or Enter, or press ? or * to list all spells.
Aiming: Stone Arrow (dangerous; 11% risk of failure)
Press: ? - help, Shift-Dir - straight line, f/p - scorpion
Aim: a scorpion (severely wounded, 68% to hit)
The stone arrow hits the scorpion!!
You kill the scorpion!
You feel very sick. The scorpion stings you! The scorpion stings you.
* * * LOW HITPOINT WARNING * * *
You are more poisoned.
The scorpion poisons you!
It was a potion of berserk rage.
A red film seems to cover your vision as you go berserk!
You feel yourself moving faster!
You feel mighty!
* * * LOW HITPOINT WARNING * * *
You feel very sick. The scorpion closely misses you.
You are too berserk!
You hit the scorpion. Your grab misses the scorpion.
Your squeeze misses the scorpion.
The scorpion is almost dead.
* * * LOW HITPOINT WARNING * * *
You feel very sick. The scorpion stings you.
* * * LOW HITPOINT WARNING * * *
You hit the scorpion.
You kill the scorpion!
* * * LOW HITPOINT WARNING * * *
You feel very sick.
Your Dodging skill increases to level 3!
You have reached level 7!
Unknown command.
You are too berserk!
You die...

#...........#
#...........#
###8.....8###
#...........#
#...........#
#.....8.....#
#.....#.....#
#.....#...†.#
########'#######@##
..#...#...#.?.#...#
..8...'...#!.!'...#
......#...#!..#...#
8...8##############
......#...#...#...#
..8...#...8...'.∩.#
..#...#.......#...#
####'###8...8###'##


There were no monsters in sight!

Vanquished Creatures
  4 scorpions (Ossuary)
  A human zombie (Ossuary)
  A jelly (D:4)
  2 scorpion zombies (Ossuary)
  2 mummies (Ossuary)
  A gnoll (D:1)
  An adder (D:2)
  An ufetubus (D:4)
  2 worms (D:2)
  6 orcs (D:3)
  2 bats
  5 endoplasms
  A giant cockroach (D:4)
  4 goblins
  3 hobgoblins (D:1)
  2 jackals (D:2)
  7 kobolds
  3 quokkas
  A ball python (D:2)
  3 frilled lizards
  3 gnoll zombies (Ossuary)
  2 goblin zombies (Ossuary)
  A hobgoblin zombie (Ossuary)
  3 kobold zombies (Ossuary)
  An orc zombie (Ossuary)
  5 rats
67 creatures vanquished.

Notes
Turn   | Place    | Note
-------+----------+-------------------------------------------
     0 | D:1      | Kaptain the Octopode Earth Elementalist began the quest for
                  | the Orb.
     0 | D:1      | Reached XP level 1. HP: 11/11 MP: 3/3
   113 | D:1      | Found a faded altar of an unknown god.
   148 | D:1      | Reached XP level 2. HP: 18/18 MP: 3/5
   393 | D:1      | Found Sushafige's Distillery.
   443 | D:1      | Reached XP level 3. HP: 22/22 MP: 4/6
   447 | D:1      | Learned a level 3 spell: Stone Arrow
   869 | D:2      | Reached skill level 1 in Fighting
  1280 | D:2      | Found a runed translucent door.
  1281 | D:2      | Noticed Crazy Yiuf
  1542 | D:3      | Reached XP level 4. HP: 27/28 MP: 8/8
  1620 | D:3      | Noticed Akaron's ghost (amateur OgIE)
  1623 | D:3      | Noticed a kobold brigand
  1666 | D:3      | Found a one-way gate to the infinite horrors of the Abyss.
  1730 | D:3      | Found a transporter.
  1730 | D:3      | Found a transporter.
  2330 | D:3      | Found a radiant altar of Vehumet.
  2732 | D:4      | Found a white marble altar of Elyvilon.
  2793 | D:4      | Reached skill level 1 in Conjurations
  2961 | D:4      | Reached XP level 5. HP: 33/34 MP: 7/9
  3060 | D:4      | Found a sand-covered staircase.
  3069 | Ossuary  | Entered an ossuary
  3420 | Ossuary  | Reached skill level 1 in Shields
  3420 | Ossuary  | Reached skill level 4 in Earth Magic
  3420 | Ossuary  | Reached XP level 6. HP: 14/40 MP: 4/10
  3770 | Ossuary  | HP: 2/61 [poisoned by a scorpion]
  3771 | Ossuary  | Reached XP level 7. HP: 2/45 MP: 2/12
  3771 | Ossuary  | Succumbed to a scorpion's poison

Illustrated notes

Levels and vault maps discovered:
D:1:      erik_arrival_orb_chamber, layout_rooms,
          hellmonk_ecumenical_altar_run_dry, serial_shops,
          nicolae_lakefront_shop
D:2:      layout_loops_ring, uniq_crazy_yiuf_cottage
D:3:      layout_loops_corners, fiery_altar_vehumet,
          gammafunk_ghost_abyssal_escape
D:4:      layout_basic, elyvilon_altar_1, nicolae_ossuary_entry_monument
Ossuary:  ossuary_minmay_scorpions

Skill      XL: |  1  2  3  4  5  6 |
---------------+-------------------+-----
Fighting       | 1 2 |  2.9
Conjurations   | 1 2 |  2.5
Spellcasting   | 3 |  3.6
Shields        | 1 |  1.4
Earth Magic    | 4 |  4.4
Dodging        | 3 |  3.0
Stealth        | |  2.9
Transmutations | |  1.0

Action                   |  1- 3 |  4- 6 |  7- 9 || total
-------------------------+-------+-------+-------++-------
Melee: Dagger            |     6 |    32 |       ||    38
       Constrict         |     7 |    16 |       ||    23
       Punch             |     1 |     2 |       ||     3
       Tentacles         |     5 |    20 |       ||    25
       Short sword       |    26 |    16 |       ||    42
 Cast: Sandblast         |    22 |    46 |       ||    68
       Stone Arrow       |       |    12 |       ||    12
  Use: Scroll            |       |     6 |       ||     6
       Potion            |       |     1 |       ||     1
 Stab: Sleeping          |     8 |     3 |       ||    11
       Distracted        |     1 |       |       ||     1
Armor: Skin              |     2 |     3 |       ||     5
Dodge: Dodged            |    22 |    46 |       ||    68
